 Dungeon Crawl Stone Soup version 0.29-a0-323-g050149af67 (webtiles) character file.

Game seed: 7985823741192971609

7400 freelancePsychic the Quickloader (level 11, 0/86 HPs)
             Began as a Gnoll Hunter on Apr 11, 2022.
             Was an Elder of the Shining One.
             Succumbed to a kobold brigand's poison
             ... on level 9 of the Dungeon.
             The game lasted 00:18:27 (9787 turns).

freelancePsychic the Quickloader (Gnoll Hunter)     Turns: 9787, Time: 00:18:28

Health: 0/86       AC: 10    Str: 15    XL:     11   Next: 14%
Magic:  6/20       EV: 17    Int: 13    God:    the Shining One [****..]
Gold:   587        SH:  8    Dex: 19    Spells: 12/23 levels left

rFire   . . .      SeeInvis .   a - +1 hand crossbow
rCold   + . .      Faith    .   (no shield)
rNeg    + + .      Spirit   .   E - +0 steam dragon scales
rPois   .          Reflect  .   (no helmet)
rElec   +          Harm     .   i - +1 cloak {Stlth+}
rCorr   .          Rampage  .   j - +0 pair of gloves
Will    +....                   (no boots)
Stlth   ++........              (no amulet)
HPRegen 0.24/turn               m - +4 ring of slaying
MPRegen 0.17/turn               A - ring "Rastaed" {rElec rC+ Will+ Str+4 Int+4}

@: lethally poisoned (0 -> -5), divinely shielded, hasted, glowing, very quick
A: fangs 1, strong nose, distributed training, deterioration 1
a: Renounce Religion, Divine Shield, Cleansing Flame


You were on level 9 of the Dungeon.
You worshipped the Shining One.
The Shining One was greatly pleased with you.
You visited 2 branches of the dungeon, and saw 10 of its levels.
You also visited: Ossuary.

You collected 587 gold pieces.

Inventory:

Hand Weapons
 a - a +1 hand crossbow (weapon)
Armour
 b - a +0 leather armour
 i - a +1 cloak of stealth (worn)
 j - a +0 pair of gloves (worn)
 r - a +0 kite shield
 E - +0 steam dragon scales (worn)
Jewellery
 m - a +4 ring of slaying (left hand)
 s - a ring of flight
 v - a +6 ring of strength
 A - the ring "Rastaed" (right hand) {rElec rC+ Will+ Str+4 Int+4}
   (You found it on level 6 of the Dungeon)

   [ring of willpower]

   Str:       It affects your strength (+4).
   Int:       It affects your intelligence (+4).
   rC:        It protects you from cold.
   rElec:     It insulates you from electricity.
   Will:      It increases your willpower.
 D - an amulet of faith
 F - the ring of Wifainau {rPois Str-2 Int+6 Dex-2 SInv}
   (You took it off an orc warrior on level 8 of the Dungeon)

   [ring of poison resistance]

   Str:       It affects your strength (-2).
   Int:       It affects your intelligence (+6).
   Dex:       It affects your dexterity (-2).
   rPois:     It protects you from poison.
   SInv:      It lets you see invisible.
Wands
 p - a wand of iceblast (12)
 y - a wand of flame (32)
 G - a wand of polymorph (2)
Scrolls
 c - 3 scrolls of immolation
 e - 6 scrolls of teleportation {@r4}
 h - a scroll of fear
 k - a scroll of enchant armour
 q - a scroll of vulnerability
 u - 2 scrolls of magic mapping
 w - 3 scrolls of noise
 x - 3 scrolls of silence
 z - a scroll of blinking
 B - a scroll of fog {unknown}
Potions
 d - 4 potions of might
 f - a potion of haste {@q3}
 g - 3 potions of brilliance
 l - a potion of lignification
 n - a potion of invisibility
 o - a potion of flight
 t - 2 potions of degeneration
 C - a potion of mutation


   Skills:
 + Level 8.0 Fighting
 + Level 6.5 Short Blades
 + Level 6.5 Long Blades
 + Level 6.5 Axes
 + Level 6.5 Maces & Flails
 + Level 6.5 Polearms
 + Level 6.5 Staves
 + Level 6.5 Slings
 + Level 6.5 Bows
 + Level 10.7 Crossbows
 + Level 6.5 Throwing
 + Level 6.5 Armour
 + Level 8.0 Dodging
 + Level 6.9 Stealth
 + Level 6.5 Shields
 + Level 6.5 Unarmed Combat
 + Level 6.5 Spellcasting
 + Level 5.3 Conjurations
 + Level 5.3 Hexes
 + Level 5.3 Summonings
 + Level 5.3 Necromancy
 + Level 5.3 Translocations
 + Level 5.3 Transmutations
 + Level 5.3 Fire Magic
 + Level 5.3 Ice Magic
 + Level 5.3 Air Magic
 + Level 5.3 Earth Magic
 + Level 5.3 Poison Magic
 + Level 7.1 Invocations
 + Level 6.5 Evocations


You had 12 spell levels left.
You knew the following spells:

 Your Spells              Type           Power      Damage    Failure   Level
a - Frozen Ramparts       Ice            36%        1d5       5%          3
b - Mephitic Cloud        Conj/Pois/Air  18%        N/A       5%          3
c - Freezing Cloud        Conj/Ice/Air   9%         6-21      43%         5

Your spell library contained the following spells:

 Spells                   Type           Power      Damage    Failure   Level
 Magic Dart               Conj           72%        1d6       1%          1
 Sandblast                Erth           36%        2d10      1%          1
 Call Imp                 Summ           18%        N/A       2%          2
 Corpse Rot               Necr/Air       36%        N/A       2%          2
 Passwall                 Tmut/Erth      15%        N/A       2%          2
 Poisonous Vapours        Pois/Air       36%        N/A       2%          2
 Ignite Poison            Fire/Tmut/Pois 18%        N/A       5%          3
 Stone Arrow              Conj/Erth      36%        3d9       5%          3
 Ice Form                 Ice/Tmut       18%        N/A       17%         4
 Summon Ice Beast         Ice/Summ       18%        N/A       17%         4


Dungeon Overview and Level Annotations

Branches:
Dungeon (9/15)             Temple (1/1) D:5         Ossuary (visited)
   Lair: D:8-11         Orc: D:9-12

Altars:
Ashenzari
Cheibriados
Dithmenos
Elyvilon
Fedhas
Gozag
Hepliaklqana
Kikubaaqudgha
Makhleb
Okawaru
Ru
Sif Muna
Trog
Uskayaw
Vehumet
Xom
Yredelemnul
The Shining One

Shops:
D:5 *

Annotations:
D:4 3 runed translucent doors, YayAnonymity's ghost, amateur DsAK
D:7 1 runed translucent door, Crazy Yiuf


Innate Abilities, Weirdness & Mutations

You have very sharp teeth.
Your uncanny sense of smell can sniff out nearby items.
Your experience applies equally to all skills.
Your body sometimes deteriorates upon taking damage.


Message History

* * * LOW HITPOINT WARNING * * *
The death yak gores you. The basilisk bites you.
* * * LOW HITPOINT WARNING * * *
The howler monkey hoots and howls with incredible vigour!
You hear a shout!
The death yak gores you.
* * * LOW HITPOINT WARNING * * *
The howler monkey hits you but does no damage.
The basilisk gazes at you. You resist with almost no effort.
The death yak gores you!
* * * LOW HITPOINT WARNING * * *
The howler monkey hoots and howls with incredible vigour!
You turn to flesh and can move again.
As you read the scroll of fear, it crumbles to dust.
You assume a fearsome visage.
The death yak looks frightened!
The basilisk looks frightened!
The howler monkey looks frightened!
A basilisk and a kobold brigand come into view.
The kobold brigand is wielding a +0 short sword and quivering poisoned darts.
The basilisk hisses angrily.
A kobold comes into view. It is wielding a +0 dagger.
The kobold brigand throws a poisoned dart.
The poisoned dart hits you!
You are lethally poisoned!
A kobold comes into view. It is wielding a +0 short sword.
* * * LOW HITPOINT WARNING * * *
You feel very sick.
It was a potion of mutation.
You feel extremely strange.
You feel yourself wasting away.
* * * LOW HITPOINT WARNING * * *
You feel sick.
The kobold throws a stone.
You block the stone.
The howler monkey hoots and howls with incredible vigour!
Okay, then.
You feel yourself speed up.
* * * LOW HITPOINT WARNING * * *
You feel sick. The basilisk gazes at you. You resist with almost no effort.
The kobold throws a stone.
The stone misses you.
You die...

..#..#..................
..##.#..........Y..h..#
.###..#...............#
.....##.#.[............
.....#..#...........# ..
#..............#
...#...###.....#
..####.## ##.##..# . #..
#.@###.... #...
##........
.................
...............
)...K..l.......
..KK.....##.##.
........## ..# .......##
..# ....... ..


You could see a death yak (fleeing), a basilisk, a kobold brigand, a howler
monkey (wandering, catching breath) and a kobold.

Vanquished Creatures
  2 centaur warriors (D:8)
  An elephant (D:9)
  Joseph (D:7)
  A vampire (D:9)
  7 yaks (D:8)
  2 wyverns (D:9)
  A steam dragon (D:8)
  2 sky beasts
  An ice beast (D:6)
  5 black bears
  4 orc warriors
  An ogre (D:6)
  3 kobold brigands
  4 bullfrogs
  2 necrophages (D:6)
  4 gnoll sergeants
  2 scorpions
  3 howler monkeys
  2 electric eels (D:7)
  2 centaur zombies (Ossuary)
  2 gnoll shamans
  2 orc priests
  4 hounds
  2 human zombies (Ossuary)
  2 jellies
  Ijyb (D:4)
  3 iguanas
  5 orc wizards
  2 mummies (Ossuary)
  27 gnolls
  3 adders
  A shadow imp (D:8)
  2 white imps (D:8)
  An ufetubus (D:5)
  2 adder zombies (Ossuary)
  A worm (D:3)
  A dart slug (D:1)
  28 orcs
  A bat (D:3)
  3 endoplasms
  6 giant cockroaches
  8 goblins
  8 hobgoblins
  2 jackals (D:1)
  A quokka (D:3)
  12 ball pythons
  2 frilled lizards
  6 hobgoblin zombies (Ossuary)
  2 jackal zombies (Ossuary)
  24 kobolds
  10 kobold zombies (Ossuary)
  10 orc zombies (Ossuary)
  A quokka zombie (D:5)
  5 rats
  3 rat zombies
  A spectral kobold (D:8)
244 creatures vanquished.

Vanquished Creatures (others)
  6 plants (D:7)
6 creatures vanquished.

Grand Total: 250 creatures vanquished

Notes
Turn   | Place    | Note
-------+----------+-------------------------------------------
     0 | D:1      | freelancePsychic the Gnoll Hunter began the quest for the
                  | Orb.
     0 | D:1      | Reached XP level 1. HP: 20/20 MP: 1/1
   152 | D:1      | Reached XP level 2. HP: 26/26 MP: 2/2
   194 | D:1      | Found a faded altar of an unknown god.
   581 | D:1      | Reached XP level 3. HP: 31/31 MP: 3/3
  1394 | D:2      | Reached skill level 1 in Invocations
  1864 | D:3      | Reached skill level 1 in Short Blades
  1864 | D:3      | Reached skill level 1 in Long Blades
  1864 | D:3      | Reached skill level 1 in Axes
  1864 | D:3      | Reached skill level 1 in Maces & Flails
  1864 | D:3      | Reached skill level 1 in Polearms
  1864 | D:3      | Reached skill level 1 in Staves
  1864 | D:3      | Reached skill level 1 in Slings
  1864 | D:3      | Reached skill level 1 in Bows
  1864 | D:3      | Reached skill level 1 in Throwing
  1864 | D:3      | Reached skill level 1 in Armour
  1864 | D:3      | Reached skill level 1 in Shields
  1864 | D:3      | Reached skill level 1 in Unarmed Combat
  1864 | D:3      | Reached skill level 1 in Spellcasting
  1864 | D:3      | Reached skill level 1 in Evocations
  1864 | D:3      | Reached XP level 4. HP: 36/38 MP: 5/5
  2006 | D:3      | Found a bloodstained altar of Trog.
  2092 | D:3      | Found a shimmering altar of Xom.
  2600 | D:4      | Noticed a scorpion
  2603 | D:4      | Reached skill level 1 in Conjurations
  2603 | D:4      | Reached skill level 1 in Hexes
  2603 | D:4      | Reached skill level 1 in Summonings
  2603 | D:4      | Reached skill level 1 in Necromancy
  2603 | D:4      | Reached skill level 1 in Translocations
  2603 | D:4      | Reached skill level 1 in Transmutations
  2603 | D:4      | Reached skill level 1 in Fire Magic
  2603 | D:4      | Reached skill level 1 in Ice Magic
  2603 | D:4      | Reached skill level 1 in Air Magic
  2603 | D:4      | Reached skill level 1 in Earth Magic
  2603 | D:4      | Reached skill level 1 in Poison Magic
  2606 | D:4      | Killed a scorpion
  2607 | D:4      | Reached XP level 5. HP: 43/43 MP: 5/7
  2651 | D:4      | Reached XP level 6. HP: 50/50 MP: 8/8
  2663 | D:4      | Noticed YayAnonymity's ghost (amateur DsAK)
  2672 | D:4      | Reached skill level 5 in Fighting
  2672 | D:4      | Reached skill level 5 in Dodging
  2793 | D:4      | Noticed a black bear
  2802 | D:4      | Killed a black bear
  2803 | D:4      | Reached XP level 7. HP: 42/56 MP: 10/10
  2893 | D:4      | Found a runed translucent gate.
  2897 | D:4      | Found a runed translucent gate.
  2897 | D:4      | Found a runed translucent gate.
  2912 | D:4      | Noticed Ijyb
  2921 | D:4      | Killed Ijyb
  3373 | D:5      | Entered Level 5 of the Dungeon
  3415 | D:5      | Found Muddi's Assorted Antiques.
  3448 | D:5      | Reached skill level 5 in Short Blades
  3448 | D:5      | Reached skill level 5 in Long Blades
  3448 | D:5      | Reached skill level 5 in Axes
  3448 | D:5      | Reached skill level 5 in Maces & Flails
  3448 | D:5      | Reached skill level 5 in Polearms
  3448 | D:5      | Reached skill level 5 in Staves
  3448 | D:5      | Reached skill level 5 in Slings
  3448 | D:5      | Reached skill level 5 in Bows
  3448 | D:5      | Reached skill level 10 in Crossbows
  3448 | D:5      | Reached skill level 5 in Throwing
  3448 | D:5      | Reached skill level 5 in Armour
  3448 | D:5      | Reached skill level 5 in Stealth
  3448 | D:5      | Reached skill level 5 in Shields
  3448 | D:5      | Reached skill level 5 in Unarmed Combat
  3448 | D:5      | Reached skill level 5 in Spellcasting
  3448 | D:5      | Reached skill level 5 in Invocations
  3448 | D:5      | Reached skill level 5 in Evocations
  3448 | D:5      | Reached XP level 8. HP: 35/67 MP: 10/15
  3519 | D:5      | Found a staircase to the Ecumenical Temple.
  3528 | Temple   | Entered the Ecumenical Temple
  3553 | Temple   | Became a worshipper of the Shining One
  3584 | D:5      | Found a sand-covered staircase.
  3593 | Ossuary  | Entered an ossuary
  3695 | Ossuary  | Reached * piety under the Shining One
  3764 | Ossuary  | Learned a level 3 spell: Frozen Ramparts
  3768 | Ossuary  | Learned a level 3 spell: Mephitic Cloud
  3831 | Ossuary  | Reached ** piety under the Shining One
  4024 | Ossuary  | Reached *** piety under the Shining One
  4625 | D:5      | Reached XP level 9. HP: 72/72 MP: 15/17
  5257 | D:6      | Reached **** piety under the Shining One
  5388 | D:6      | Identified the +8 hand axe of Honour {vorpal, rC+ Str+4}
  5422 | D:6      | Identified the ring "Rastaed" {rElec rC+ Will+ Str+4 Int+4}
  5614 | D:7      | Noticed Joseph
  5641 | D:7      | Killed Joseph
  5771 | D:7      | Found an iron altar of Okawaru.
  6273 | D:7      | Found an opulent altar of Gozag.
  6289 | D:7      | Found a white marble altar of Elyvilon.
  6431 | D:7      | Reached XP level 10. HP: 79/79 MP: 18/18
  7036 | D:7      | Found a runed translucent door.
  7037 | D:7      | Noticed Crazy Yiuf
  7067 | D:8      | Noticed a centaur warrior
  7444 | D:8      | Noticed a centaur warrior
  7655 | D:8      | Reached skill level 5 in Conjurations
  7655 | D:8      | Reached skill level 5 in Hexes
  7655 | D:8      | Reached skill level 5 in Summonings
  7655 | D:8      | Reached skill level 5 in Necromancy
  7655 | D:8      | Reached skill level 5 in Translocations
  7655 | D:8      | Reached skill level 5 in Transmutations
  7655 | D:8      | Reached skill level 5 in Fire Magic
  7655 | D:8      | Reached skill level 5 in Ice Magic
  7655 | D:8      | Reached skill level 5 in Air Magic
  7655 | D:8      | Reached skill level 5 in Earth Magic
  7655 | D:8      | Reached skill level 5 in Poison Magic
  8214 | D:8      | Identified the ring of Wifainau {rPois Str-2 Int+6 Dex-2
                  | SInv}
  8412 | D:8      | Killed a centaur warrior
  9025 | D:8      | Killed a centaur warrior
  9467 | D:8      | Found a hazy altar of Hepliaklqana.
  9511 | D:9      | Reached XP level 11. HP: 73/86 MP: 14/20
  9709 | D:9      | Learned a level 5 spell: Freezing Cloud
  9756 | D:9      | Noticed a death yak
  9784 | D:9      | HP: 4/86 [poisoned by a kobold brigand]
  9785 | D:9      | Gained mutation: Your body sometimes deteriorates upon
                  | taking damage. [potion of mutation]
  9786 | D:9      | HP: 1/86 [poisoned by a kobold brigand]
  9787 | D:9      | Succumbed to a kobold brigand's poison

Illustrated notes

Levels and vault maps discovered:
D:1:      matt_arrival_spirals, layout_basic, nicolae_ecumenical_snake_handling
D:2:      layout_loops_ring, serial_rivers, chequers_serial_rivers_micro_b,
          chequers_serial_rivers_room_a, chequers_serial_rivers_small_b,
          chequers_serial_rivers_room_a
D:3:      kennysheep_six_static_rooms, layout_loops_cross, xom_butterflies,
          mainiacjoe_overflow_tiny_flanked, minmay_misc_feat_iff,
          minmay_fractal_squares_diagonal_5
D:4:      layout_rooms, gammafunk_ghost_split, uniq_ijyb
D:5:      layout_gridville, minmay_temple_entry_statues_fountains,
          enter_ossuary_4, serial_shops, shop
D:6:      layout_rooms
D:7:      layout_loops_ring, kennysheep_mini, okawaru_trees_1,
          nicolae_elyvilon_temple_path, lemuel_flame_loot_1,
          uniq_crazy_yiuf_cottage, uniq_joseph
D:8:      layout_loops_ring, nicolae_hepliaklqana_monster_ancestors,
          grunt_potential
D:9:      layout_cave_pools, pdpol_wu_jian_five_deadly_venoms,
          lemuel_round_altar, david_lair_generic, st_stairs_1
Temple:   cyrus_circular_temple

Skill      XL: |  1  2  3  4  5  6  7  8  9 10 11 |
---------------+----------------------------------+-----
Invocations    | 1 2 5 6 7 |  7.1
Short Blades   | 1 2 5 6 |  6.5
Long Blades    | 1 2 5 6 |  6.5
Axes           | 1 2 5 6 |  6.5
Maces & Flails | 1 2 5 6 |  6.5
Polearms       | 1 2 5 6 |  6.5
Staves         | 1 2 5 6 |  6.5
Slings         | 1 2 5 6 |  6.5
Bows           | 1 2 5 6 |  6.5
Throwing       | 1 2 5 6 |  6.5
Armour         | 1 2 5 6 |  6.5
Shields        | 1 2 5 6 |  6.5
Unarmed Combat | 1 2 5 6 |  6.5
Spellcasting   | 1 2 5 6 |  6.5
Evocations     | 1 2 5 6 |  6.5
Conjurations   | 1 4 5 |  5.3
Hexes          | 1 4 5 |  5.3
Summonings     | 1 4 5 |  5.3
Necromancy     | 1 4 5 |  5.3
Translocations | 1 4 5 |  5.3
Transmutations | 1 4 5 |  5.3
Fire Magic     | 1 4 5 |  5.3
Ice Magic      | 1 4 5 |  5.3
Air Magic      | 1 4 5 |  5.3
Earth Magic    | 1 4 5 |  5.3
Poison Magic   | 1 4 5 |  5.3
Stealth        | 3 5 6 |  6.9
Fighting       | 5 7 8 |  8.0
Dodging        | 5 7 8 |  8.0
Crossbows      | 10 | 10.7

Action                   |  1- 3 |  4- 6 |  7- 9 | 10-12 || total
-------------------------+-------+-------+-------+-------++-------
 Fire: Hand crossbow     |    84 |    81 |   336 |   239 ||   740
 Cast: Frozen Ramparts   |       |       |     4 |     7 ||    11
       Mephitic Cloud    |       |       |     4 |     5 ||     9
Invok: Divine Shield     |       |       |     1 |     3 ||     4
       Cleansing Flame   |       |       |       |     1 ||     1
Evoke: Wand              |       |       |     4 |     4 ||     8
  Use: Scroll            |     2 |       |     8 |     7 ||    17
       Potion            |       |       |     7 |     5 ||    12
Armor: Leather armour    |     1 |     3 |    28 |    14 ||    46
       Steam dragon scal |       |       |       |    32 ||    32
Dodge: Dodged            |     7 |    13 |    75 |   131 ||   226
Block: Other             |       |       |     8 |    15 ||    23

Table legend: (Time is in decaauts)
 A = Elapsed time spent in this place.
 B = Non-inter-level travel time spent in this place.
 C = Inter-level travel time spent in this place.
 D = Time resting spent in this place.
 E = Time spent auto-exploring this place.
 F = Levels seen in this place.
 G = Mean time per level.
                   A        B        C        D        E       F      G
               +--------+--------+--------+--------+--------+-----+--------+
         Total |   9818 |   9507 |    311 |    236 |   7610 |  11 |  892.5 |
       Dungeon |   9286 |   8988 |    298 |    236 |   7285 |   9 | 1031.8 |
        Temple |     38 |     25 |     13 |      0 |      0 |   1 |   38.0 |
       Ossuary |    493 |    493 |      0 |      0 |    325 |   1 |  493.0 |
               +--------+--------+--------+--------+--------+-----+--------+

Top non-repeatable levels by time:
     D:7: 2040 daAuts
     D:8: 2035 daAuts
     D:5: 1184 daAuts
     D:1: 996 daAuts
     D:3: 902 daAuts
     D:4: 780 daAuts
     D:2: 714 daAuts
     D:6: 517 daAuts
 Ossuary: 493 daAuts
     D:9: 115 daAuts
  Temple: 38 daAuts
